 Dungeon Crawl Stone Soup version 0.29-a0-825-g72347fce65 (webtiles) character file.

Game seed: 5485233746857545183

22 Lekart the Trooper (level 2, -1/26 HPs)
             Began as a Draconian Fighter on July 11, 2022.
             Slain by an orc
             ... wielding a +0 club
              (2 damage)
             ... on level 3 of the Dungeon.
             The game lasted 00:01:19 (749 turns).

Lekart the Trooper (Draconian Fighter)               Turns: 749, Time: 00:01:20

Health: -1/26      AC:  4    Str: 18    XL:     2   Next: 68%
Magic:  2/2        EV: 12    Int:  8    God:
Gold:   44         SH:  4    Dex: 10    Spells: 1/1 levels left

rFire   + . .      SeeInvis .   a - +0 long sword
rCold   . . .      Faith    .   b - +0 buckler
rNeg    . . .      Spirit   .   (body armour unavailable)
rPois   +          Reflect  .   (helmet restricted)
rElec   +          Harm     .   (no cloak)
rCorr   .          Rampage  .   (no gloves)
Will    .....                   (no boots)
Stlth   +.........              (no amulet)
HPRegen 0.08/turn               f - ring "Meit" {Wiz *Slow rElec rPois rF+}
MPRegen 0.08/turn               (no ring)

@: mighty
A: AC +4, unfitting armour, cold-blooded
a: no special abilities


You were on level 3 of the Dungeon.
You visited 1 branch of the dungeon, and saw 3 of its levels.

You collected 44 gold pieces.

Inventory:

Hand Weapons
 a - a +0 long sword (weapon)
Armour
 b - a +0 buckler (worn)
Jewellery
 f - the ring "Meit" (left hand) {Wiz *Slow rElec rPois rF+}
   (You found it on level 2 of the Dungeon)

   [ring of wizardry]

   It improves your spell success rate.
   rF:        It protects you from fire.
   rElec:     It insulates you from electricity.
   rPois:     It protects you from poison.
   *Slow:     It may slow you when you take damage.
 j - an amulet of magic regeneration
Scrolls
 d - a scroll of identify {unknown}
 i - a scroll of enchant weapon {unknown}
 k - a scroll of brand weapon {unknown}
 l - a scroll of amnesia {unknown}
Potions
 c - a potion of might
 e - a potion of curing {unknown}
 g - a potion of mutation {unknown}
 h - 2 potions of degeneration {unknown}


   Skills:
 + Level 3.6 Fighting
 + Level 2.3 Long Blades
 + Level 3.0 Dodging
 + Level 3.2 Shields


You had one spell level left.
You didn't know any spells.
Your spell library contained the following spells:

 Spells                   Type           Power      Damage    Failure   Level
 Static Discharge         Conj/Air       0%         3-3/arc   32%         2
 Dispel Undead            Necr           0%         3d6       89%         4
 Sticky Flame             Conj/Fire      0%         2d3       89%         4


Dungeon Overview and Level Annotations

Branches:
Dungeon (3/15)

Altars:


Innate Abilities, Weirdness & Mutations

Your plain brown scales are hard. (AC +4)
You cannot fit into any form of body armour.
You are cold-blooded and may be slowed by cold attacks.


Message History

An orc priest comes into view. It is wielding a +0 hand axe.
Found a short sword.
The orc priest shouts!
The orc priest looks braver for a moment.
The orc priest hits you with a +0 hand axe.
Things that are here:
a +0 club; a goblin corpse You hit the orc priest.
The orc priest is lightly wounded.
The orc hits you with a +0 mace.
The orc priest mumbles some strange prayers to Beogh against you.
Beogh smites you!
Ouch! That really hurt!
* * * LOW HITPOINT WARNING * * *
You are too injured to fight recklessly!
You are too injured to fight recklessly!
You are too injured to fight recklessly!
You are too injured to fight recklessly!
You are too injured to fight recklessly!
You are too injured to fight recklessly!
You are too injured to fight recklessly!
You are too injured to fight recklessly!
You are too injured to fight recklessly!
You are too injured to fight recklessly!
You are too injured to fight recklessly!
You are too injured to fight recklessly!
You are too injured to fight recklessly!
You are too injured to fight recklessly!
You are too injured to fight recklessly!
You are too injured to fight recklessly!
You are too injured to fight recklessly!
You feel very mighty all of a sudden.
The orc priest begins to cast a cantrip, but forgets the words!
You slash the orc priest!
The orc priest is almost dead.
You block the orc's attack.
The orc priest hits you with a +0 hand axe.
* * * LOW HITPOINT WARNING * * *
The orc closely misses you. The orc hits you with a +0 club.
You die...

## .).
..###########
.......o...
###.oo..#
+...@o# ###.#.#
#.#.# .# #.#.#
#.# #.#.. ....
#######.####....
................
.######....#.###
#....#


You could see 2 orc priests and 2 orcs.

Vanquished Creatures
  An adder (D:2)
  2 endoplasms
  A giant cockroach (D:2)
  A goblin (D:3)
  A hobgoblin (D:2)
  3 jackals (D:1)
  A bat (D:2)
  A kobold (D:1)
  A rat (D:1)
12 creatures vanquished.

Notes
Turn   | Place    | Note
-------+----------+-------------------------------------------
     0 | D:1      | Lekart the Draconian Fighter began the quest for the Orb.
     0 | D:1      | Reached XP level 1. HP: 19/19 MP: 1/1
   121 | D:1      | You fall into a shaft and drop 1 floor!
   238 | D:2      | Reached XP level 2. HP: 26/26 MP: 2/2
   286 | D:2      | Identified the ring "Meit" {Wiz *Slow rElec rPois rF+}
   749 | D:3      | HP: 1/26 [orc priest/+0 hand axe (6)]
   749 | D:3      | Slain by an orc

Illustrated notes

Levels and vault maps discovered:
D:1:      psy_arrival_heroes, layout_loops_corners, nicolae_figureground_pulse
D:2:      layout_basic
D:3:      layout_basic, fedhas_ov_isle_minmay,
          ebering_ecumenical_altar_abandoned, uniq_robin, uniq_natasha,
          uniq_terence

Skill      XL: |  1  2 |
---------------+-------+-----
Dodging        | 3 |  3.0
Fighting       | |  3.6
Long Blades    | |  2.3
Shields        | |  3.2

Action                   || total
-------------------------++-------
Melee: Long sword        ||    24
       Tailslap          ||     2
  Use: Potion            ||     1
 Stab: Sleeping          ||     1
Armor: Skin              ||     4
Dodge: Dodged            ||    14
Block: Buckler           ||     3

Table legend: (Time is in decaauts)
 A = Elapsed time spent in this place.
 B = Non-inter-level travel time spent in this place.
 C = Inter-level travel time spent in this place.
 D = Time resting spent in this place.
 E = Time spent auto-exploring this place.
 F = Levels seen in this place.
 G = Mean time per level.
                   A        B        C        D        E       F      G
               +--------+--------+--------+--------+--------+-----+--------+
         Total |    756 |    740 |     16 |      0 |    651 |   3 |  252.0 |
       Dungeon |    756 |    740 |     16 |      0 |    651 |   3 |  252.0 |
               +--------+--------+--------+--------+--------+-----+--------+

Top non-repeatable levels by time:
     D:2: 598 daAuts
     D:1: 124 daAuts
     D:3: 33 daAuts
